AoeStats
← Jahax

MegaRandom

508922376Analyzed
3v3 RM · 7d ago on Sep 24, 2026· 35m 1s· 6 players
Game mode
Random Map
Map size
Normal (6 player)
Population
200
Speed
Normal
Resources
Standard
Victory
Conquest
Starting age
Dark Age
Ending age
Imperial Age
RankedLock teamsTeams togetherTeam positionsShared explorationLock speedFull tech treeHidden civsTurbo modeCheats
Victory
Defeat
🇦🇹 Celts · Austria
1078
+15
🇦🇹 Tatars · Austria
1078
+15
🇦🇹 Varangians · Austria
1069
+16
🇨🇦 Khmer · Canada
1090
-16
🇩🇪 Danes · Germany
1078
-16
🇬🇧 Portuguese · United Kingdom
1024
-14
Ralphiii
0:37 Loom
12:14 Feudal Age
16:30 Castle Age
18:14 Fletching
20:19 Wheelbarrow
20:56 Double-Bit Axe
22:27 Bow Saw
24:21 Scale Mail Armor
24:32 Forging
24:28 Squires
24:14 Horse Collar
27:12 Chain Mail Armor
27:10 Hamask
27:47 Arson
32:58 Bodkin Arrow
Mel McAll
0:51 Loom
13:12 Feudal Age
17:39 Castle Age
17:16 Bloodlines
18:03 Scale Barding Armor
19:50 Forging
24:41 Wheelbarrow
25:34 Fletching
28:45 Stone Mining
Jahax
0:47 Loom
13:34 Feudal Age
16:33 Castle Age
17:29 Scale Barding Armor
20:08 Forging
21:23 Double-Bit Axe
elzo
0:34 Loom
11:06 Feudal Age
12:42 Double-Bit Axe
13:20 Fletching
15:02 Wheelbarrow
14:54 Town Watch
20:59 Castle Age
19:51 Padded Archer Armor
21:01 Crossbowman
22:03 Bodkin Arrow
22:29 Bow Saw
28:32 Hand Cart
29:00 Hand Cart
32:50 Leather Archer Armor
Overflow
9:28 Loom
10:15 Loom
12:18 Feudal Age
13:54 Double-Bit Axe
14:17 Horse Collar
17:16 Castle Age
17:38 Forging
17:28 Scale Mail Armor
18:55 Iron Casting
19:10 Bow Saw
20:12 Chain Mail Armor
23:43 Wheelbarrow
26:04 Pikeman
27:25 Stone Mining
31:19 Heavy Plow
35:07 Town Watch
Scooray
0:44 Loom
11:21 Feudal Age
13:30 Bloodlines
14:10 Scale Barding Armor
14:15 Forging
17:42 Horse Collar
19:22 Fletching
20:00 Scale Mail Armor
25:29 Castle Age
26:39 Wheelbarrow
26:26 Bodkin Arrow
31:58 Chain Barding Armor
32:11 Husbandry
34:16 Town Watch
Connection lost

Rejoining the realm…

Still unreachable

The connection could not be restored.

Session expired

The server has moved on; the page needs a fresh start.